 Dungeon Crawl Stone Soup version 0.28.0-53-g5a82cb258f (webtiles) character file.

Game seed: 16367222961548064733

8 DracoStevie the Chopper (level 2, 0/24 HPs)
             Began as a Human Berserker on May 30, 2022.
             Was a Follower of Trog.
             Frozen to death by an endoplasm (2 damage)
             ... on level 1 of the Dungeon.
             The game lasted 00:08:26 (387 turns).

DracoStevie the Chopper (Human Berserker)            Turns: 387, Time: 00:08:32

Health: 0/24       AC:  5    Str: 17    XL:     2   Next: 15%
Magic:  2/2        EV: 11    Int:  7    God:    Trog [*.....]
Gold:   50         SH:  0    Dex: 12    Spells: 1/1 levels left

rFire   . . .      SeeInvis .   a - +0 hand axe
rCold   . . .      Faith    .   (no shield)
rNeg    . . .      Spirit   .   e - +0 ring mail
rPois   .          Reflect  .   (no helmet)
rElec   .          Harm     .   (no cloak)
rCorr   .          Rampage  .   (no gloves)
Will    .....                   (no boots)
Stlth   +.........              (no amulet)
HPRegen 0.08/turn               (no ring)
MPRegen 0.08/turn               (no ring)

@: no status effects
A: no striking features
a: Renounce Religion, Berserk


You were on level 1 of the Dungeon.
You worshipped Trog.
Trog was aware of your devotion.
You visited 1 branch of the dungeon, and saw 1 of its levels.

You collected 50 gold pieces.

Inventory:

Hand Weapons
 a - a +0 hand axe (weapon)
 c - a +0 hand axe
 d - a +0 club
 h - a +0 mace
 k - a +0 short sword
Armour
 b - a +0 animal skin
 e - a +0 ring mail (worn)
Scrolls
 g - a scroll of summoning
 i - a scroll of brand weapon {unknown}
 j - a scroll of teleportation {unknown}


   Skills:
 + Level 3.2 Fighting
 + Level 3.3 Axes
 + Level 2.0 Armour
 + Level 2.0 Dodging


You had one spell level left.
You didn't know any spells.
Your spell library was empty.

Dungeon Overview and Level Annotations

Branches:
Dungeon (1/15)

Altars:

Shops:
D:1 =


Message History

An endoplasm comes into view.
Found a chain mail.
The endoplasm quivers.
The endoplasm misses you.
You completely miss the endoplasm. The endoplasm hits you.
You hit the endoplasm but do no damage. The endoplasm closely misses you.
The rat closely misses you.
You barely miss the endoplasm. You barely miss the rat.
The endoplasm misses you. The rat bites you. The endoplasm freezes you.
You are frozen.
You barely miss the rat. You punch the rat.
You kill the rat!
Trog accepts your kill.
You hit the endoplasm but do no damage. You hit the giant cockroach.
The giant cockroach bites you but does no damage.
The endoplasm freezes you.
You are frozen.
You barely miss the giant cockroach.
The giant cockroach is moderately wounded.
You hit the endoplasm but do no damage. The giant cockroach misses you.
The giant cockroach bites you but does no damage.
The endoplasm freezes you.
You are frozen.
You hit the hobgoblin.
The hobgoblin is moderately wounded.
You closely miss the giant cockroach. You hit the endoplasm.
The hobgoblin hits you.
* * * LOW HITPOINT WARNING * * *
The giant cockroach barely misses you. The endoplasm hits you.
* * * LOW HITPOINT WARNING * * *
As you read the scroll labelled POG TAOVUUJA, it crumbles to dust.
It is a scroll of identify.
g - a scroll of summoning The hobgoblin hits you.
* * * LOW HITPOINT WARNING * * *
The giant cockroach closely misses you. The endoplasm freezes you.
You are frozen.
You die...

#.## [. #..# #J#
##..# .g. ...#
#B# #..# ..
...#..# ...
#.###.#J.# ...#
......Jg@# ...#
######B.# ..)...
#..## ......#
#.## ......# #.#
......# ##.#
......# #..#
####..#######.##
##............#


You could see 2 endoplasms, a giant cockroach and a hobgoblin.

Vanquished Creatures
  An endoplasm (D:1)
  A giant cockroach (D:1)
  A goblin (D:1)
  A hobgoblin (D:1)
  2 frilled lizards (D:1)
  2 rats (D:1)
8 creatures vanquished.

Notes
Turn   | Place    | Note
-------+----------+-------------------------------------------
     0 | D:1      | DracoStevie the Human Berserker began the quest for the
                  | Orb.
     0 | D:1      | Reached XP level 1. HP: 18/18 MP: 1/1
    94 | D:1      | Found Puomuysm's Jewellery Emporium.
   148 | D:1      | Reached XP level 2. HP: 22/24 MP: 2/2
   387 | D:1      | Frozen to death by an endoplasm

Illustrated notes

Levels and vault maps discovered:
D:1:      dpeg_arrival_round_c, layout_rooms, basic_ecumenical_altar,
          serial_shops, nicolae_square_shop, minmay_indecisive_spiral

Action                   || total
-------------------------++-------
Melee: Hand axe          ||    35
       Punch             ||     1
  Use: Scroll            ||     1
       Potion            ||     1
Armor: Animal skin       ||     8
       Ring mail         ||     2
Dodge: Dodged            ||    22
